 Dungeon Crawl Stone Soup version 0.17.1-3-g152610e (webtiles) character file.

37 Chiseanne the Magician (level 3, -1/28 HPs)
             Began as a Demonspawn Wanderer on Mar 6, 2016.
             Succumbed to an adder's poison
             ... on level 2 of the Dungeon.
             The game lasted 00:05:12 (1406 turns).

Chiseanne the Magician (Demonspawn Wanderer)        Turns: 1406, Time: 00:05:12

Health: -1/28      AC:  5    Str: 11    XL:     3   Next: 23%
Magic:  7/7        EV:  9    Int: 16    God:
Gold:   42         SH:  0    Dex: 11    Spells: 0 memorised, 7 levels left

rFire  . . .     SeeInvis .     i - +0 short sword
rCold  . . .     Clarity  .     g - +0 ring mail
rNeg   . . .     SustAt   .     (no shield)
rPois  .         Gourm    .     (no helmet)
rElec  .         Spirit   .     (no cloak)
rCorr  .         Warding  .     (no gloves)
rMut   .         Stasis   .     (no boots)
MR     .....                    (no amulet)
Stlth  ..........               (no ring)
                                (no ring)

@: lethally poisoned (-1 -> -13), not resistant to hostile enchantments,
extremely unstealthy
A: hooves 1, powered by pain 1
a: no special abilities


You were on level 2 of the Dungeon.
You were not hungry.

You visited 1 branch of the dungeon, and saw 2 of its levels.

You collected 42 gold pieces.

Inventory:

Hand Weapons
 a - a +2 shortbow
 h - a +0 club
 i - a +0 short sword (weapon)
Missiles
 e - 17 bolts
 k - 7 needles of sleeping
Armour
 g - a +0 ring mail (worn)
Potions
 j - a potion of lignification {unknown}
Books
 c - Natumieph's Almanac of the Glacier

   Spells                             Type                      Level
   a - Freeze                         Ice                          1
   b - Ozocubu's Armour               Charms/Ice                   3
 d - the Disquisition on Ice

   Spells                             Type                      Level
   a - Freeze                         Ice                          1
   b - Ozocubu's Armour               Charms/Ice                   3
Comestibles
 f - a bread ration


   Skills:
 * Level 2.4 Fighting
 - Level 1.0 Bows
 - Level 1.0 Throwing
 * Level 1.0 Armour
   Level 1.0 Shields
 * Level 2.8 Spellcasting
   Level 2.0 Conjurations
   Level 1.0 Ice Magic


You had 7 spell levels left.
You didn't know any spells.

Dungeon Overview and Level Annotations

Branches:
Dungeon (2/15)

Altars:


Innate Abilities, Weirdness & Mutations

You have large cloven feet.
You sometimes gain a little power by taking damage.


Message History

You are more poisoned.
The adder poisons you!
You hit the adder but do no damage.
* * * LOW HITPOINT WARNING * * *
You feel sick. The adder bites you.
* * * LOW HITPOINT WARNING * * *
You are more poisoned.
The adder poisons you! The adder bites you but does no damage.
You closely miss the adder.
* * * LOW HITPOINT WARNING * * *
You feel sick. The adder barely misses you.
You miss the adder.
* * * LOW HITPOINT WARNING * * *
You feel sick. The adder bites you but does no damage.
The adder barely misses you.
You hit the adder but do no damage. Your kick misses the adder.
* * * LOW HITPOINT WARNING * * *
You feel sick. The adder bites you but does no damage.
You barely miss the adder.
You die...

##### # ....
.###. ..(###....!
..(......#
.(....# #S..#.# #
#@#.#.# #.#)#.#.#
# #.#...#.#.#
#.#.......#.#
#......[....#..#
#......###......#
####### #.##.###
##.##.# #.....###


You could see an adder.

Vanquished Creatures
  A worm (D:2)
  A giant gecko (D:1)
  A giant cockroach (D:1)
  A hobgoblin (D:1)
  4 jackals (D:1)
  8 bats (D:1)
  3 giant newts (D:1)
  5 goblins
  5 kobolds (D:1)
  8 rats
37 creatures vanquished.

Notes
Turn   | Place    | Note
--------------------------------------------------------------
     0 | D:1      | Chiseanne the Demonspawn Wanderer began the quest for the Orb.
     0 | D:1      | Chiseanne set off with: a +2 shortbow, 23 arrows, Natumieph's Almanac of the Glacier, the Disquisition on Ice, a +0 robe, a bread ration
     0 | D:1      | Reached XP level 1. HP: 16/16 MP: 3/3
     1 | D:1      | Identified Natumieph's Almanac of the Glacier
     1 | D:1      | Identified the Disquisition on Ice
    87 | D:1      | Gained mutation: You sometimes gain a little power by taking damage. [demonic ancestry]
    87 | D:1      | Reached XP level 2. HP: 19/22 MP: 3/5
   978 | D:1      | Gained mutation: You have large cloven feet. [demonic ancestry]
   978 | D:1      | Reached XP level 3. HP: 28/28 MP: 7/7
  1036 | D:1      | Reached skill level 1 in Armour
  1405 | D:2      | HP: 1/28 [poisoned by an adder]
  1406 | D:2      | Succumbed to an adder's poison

Action                   || total
-------------------------++-------
Melee: Short sword       ||    12
 Fire: Shortbow          ||   123
  Use: Scroll            ||     1
       Potion            ||     1
  Eat: Chunk             ||     1
